 Dungeon Crawl Stone Soup version 0.28-a0-1496-g3c2d799 (webtiles) character file.

Game seed: 5142702661288977824

1255 SirPussy the Gouger (level 8, 39/39 HPs)
             Began as a Felid Monk on Jan 12, 2022.
             Quit the game on level 7 of the Dungeon.
             The game lasted 00:18:04 (10782 turns).

SirPussy the Gouger (Felid Monk)                   Turns: 10782, Time: 00:18:04

Health: 39/39      AC:  2    Str: 11    XL:     8   Next: 26%
Magic:  9/9        EV: 23    Int: 11    God:
Gold:   1012       SH:  0    Dex: 19    Spells: 7/7 levels left
                                        Lives:  1   Deaths: 1

rFire   . . .      SeeInvis +     - Unarmed
rCold   . . .      Faith    .   (shield unavailable)
rNeg    . . .      Spirit   .   (armour unavailable)
rPois   .          Reflect  .   (helmet unavailable)
rElec   .          Harm     .   (cloak unavailable)
rCorr   +          Rampage  .   (gloves unavailable)
Will    +....                   (boots unavailable)
Stlth   ++++......              (no amulet)
HPRegen 0.13/turn               k - ring of resist corrosion
MPRegen 0.11/turn               (no ring)

@: quick
A: very small, claws 1, fangs 3, see invisible, speed 1, shaggy fur 2, stealthy
paws, no weapons or thrown items, no armour, multi-lived
a: no special abilities


You were on level 7 of the Dungeon.
You visited 1 branch of the dungeon, and saw 7 of its levels.

You collected 1552 gold pieces.
You spent 540 gold pieces at shops.

Inventory:

Jewellery
 k - a ring of resist corrosion (left paw)
 r - the ring of Ikhlotwug {rElec rCorr}
   (You took it off a wight on level 7 of the Dungeon)

   [ring of resist corrosion]

   rElec:     It insulates you from electricity.
   rCorr:     It protects you from acid and corrosion.
Wands
 m - a wand of digging (2)
 o - a wand of mindburst (6) (quivered)
Scrolls
 a - 6 scrolls of teleportation
 e - a scroll of silence
 h - a scroll of fear
 j - 2 scrolls of fog
 p - 2 scrolls of blinking
Potions
 b - a potion of curing
 c - 2 potions of haste
 d - 2 potions of berserk rage
 f - a potion of resistance
 g - 2 potions of might
 i - a potion of mutation
 l - a potion of ambrosia
 n - a potion of flight {unknown}
 q - 2 potions of heal wounds {unknown}


   Skills:
 + Level 6.3 Fighting
 + Level 8.3 Dodging
 + Level 8.4 Stealth
 * Level 8.5 Unarmed Combat


You had 7 spell levels left.
You didn't know any spells.
Your spell library contained the following spells:

 Spells                   Type           Power      Damage    Failure   Level
 Sandblast                Erth           0%         2d4       34%         1
 Passwall                 Tmut/Erth      0%         N/A       47%         2
 Inner Flame              Hex/Fire       0%         N/A       71%         3
 Stone Arrow              Conj/Erth      0%         3d7       71%         3
 Cause Fear               Hex            0%         N/A       98%         4
 Dispersal                Tloc           0%         N/A       100%        6
 Discord                  Hex            0%         N/A       100%        8
 Disjunction              Tloc           0%         N/A       100%        8


Dungeon Overview and Level Annotations

Branches:
Dungeon (7/15)             Temple (0/1) D:4

Altars:
Cheibriados
Fedhas
Gozag
Nemelex Xobeh
Ru
Wu Jian
Zin
The Shining One

Shops:
D:2 ?

Annotations:
D:6 Eustachio


Innate Abilities, Weirdness & Mutations

You have sharp claws.
You have razor-sharp teeth.
You have supernaturally acute eyesight. (SInv)
You cover ground quickly. (Speed+)
You are covered in thick fur. (AC +2)
Your paws help you pounce on unaware monsters.
You are incapable of wielding weapons or throwing items.
You cannot wear armour.
You gain extra lives every three experience levels.


Message History

The killer bee stings you!
* * * LOW HITPOINT WARNING * * *
Unknown command.
You feel better. The killer bee completely misses you.
The killer bee misses you.
You claw the killer bee!
The killer bee is heavily wounded.
The killer bee misses you. x2
You claw the killer bee!
You kill the killer bee!
The killer bee closely misses you.
You scratch the killer bee.
The killer bee is heavily wounded.
The killer bee closely misses you.
You miss the killer bee.
The killer bee is heavily wounded.
The killer bee buzzes angrily.
The killer bee closely misses you. The killer bee completely misses you.
The killer bee closely misses you.
You miss the killer bee.
The killer bee is heavily wounded.
The killer bee misses you. The killer bee stings you.
* * * LOW HITPOINT WARNING * * *
The killer bee misses you. The killer bee barely misses you.
Unknown command.
You closely miss the killer bee. The killer bee misses you. x2
Unknown command.
You claw the killer bee! You claw the killer bee.
You kill the killer bee!
The killer bee stings you.
You die...
The killer bee completely misses you.
You are now level 8!
You rejoin the land of the living...
A swamp worm comes into view.
Unknown command.
Unknown command.
Unknown command.
Unknown command.
Are you sure you want to abandon this character and quit the game? (Confirm with "yes".)

.# ##.##
...≈≈≈
..≈≈≈≈
####≈≈≈≈
..≈≈≈#
#.≈≈P#≈≈≈
#@≈≈PPw≈≈
##≈≈P#≈≈≈
≈≈≈#
#≈≈≈≈
..≈≈≈≈
###≈≈≈
###


You could see a swamp worm (asleep).

Vanquished Creatures
  Prince Ribbit (D:6)
  A water moccasin (D:5)
  3 ice beasts
  An orc warrior (D:7)
  2 sky beasts
  3 centaurs (D:5)
  An ogre (D:5)
  Blork the orc (D:6)
  A kobold brigand (D:6)
  A gnoll sergeant (D:4)
  4 killer bees (D:7)
  A wight (D:7)
  A bullfrog zombie (D:6)
  A centaur zombie (D:7)
  2 hounds (D:5)
  An orc priest (D:5)
  2 bullfrog skeletons
  2 jellies (D:6)
  3 iguanas
  5 orc wizards
  Ijyb (D:3)
  A killer bee zombie (D:6)
  A hound skeleton (D:4)
  A mummy (D:5)
  2 howler monkey zombies
  Robin (D:3)
  4 adders
  7 gnolls
  A shadow imp (D:5)
  A white imp (D:6)
  A worm (D:2)
  4 dart slugs
  14 orcs
  6 endoplasms
  3 giant cockroaches
  15 goblins
  17 hobgoblins
  5 jackals
  12 kobolds
  5 quokkas
  5 ball pythons
  7 bats
  5 frilled lizards
  A goblin skeleton (D:5)
  A goblin zombie (D:5)
  2 hobgoblin zombies (D:5)
  A kobold skeleton (D:5)
  An orc skeleton (D:5)
  6 rats
168 creatures vanquished.

Vanquished Creatures (others)
  A plant (D:4)
1 creature vanquished.

Grand Total: 169 creatures vanquished

Notes
Turn   | Place    | Note
-------+----------+-------------------------------------------
     0 | D:1      | SirPussy the Felid Monk began the quest for the Orb.
     0 | D:1      | Reached XP level 1. HP: 10/10 MP: 2/2
   323 | D:1      | Reached XP level 2. HP: 10/14 MP: 3/3
   824 | D:1      | Found a faded altar of an unknown god.
   837 | D:1      | Reached XP level 3. HP: 17/17 MP: 4/4
  1493 | D:2      | Found Agaek's Magic Scroll Boutique.
  1501 | D:2      | Bought a scroll of teleportation for 36 gold pieces
  1984 | D:2      | You fall into a shaft and drop 2 floors!
  2081 | D:4      | Reached XP level 4. HP: 16/21 MP: 5/5
  3080 | D:2      | Bought a scroll of fog for 24 gold pieces
  3080 | D:2      | Bought a scroll of teleportation for 36 gold pieces
  3403 | D:3      | Noticed Ijyb
  3405 | D:3      | Found a blossoming altar of Fedhas.
  3419 | D:3      | Killed Ijyb
  3420 | D:3      | Reached XP level 5. HP: 13/25 MP: 6/6
  3623 | D:3      | Reached skill level 5 in Dodging
  3760 | D:3      | Noticed Robin
  3766 | D:3      | HP: 1/25 [goblin[Robin] (3)]
  4388 | D:3      | Killed Robin
  4781 | D:4      | Found a glowing silver altar of Zin.
  4991 | D:4      | Identified a scroll of acquirement
  4991 | D:4      | Acquired 1283 gold pieces
  5192 | D:4      | Found Otauly's Distillery.
  5197 | D:4      | Bought a potion of curing for 36 gold pieces
  5197 | D:4      | Bought a potion of degeneration for 12 gold pieces
  5197 | D:4      | Bought a potion of berserk rage for 60 gold pieces
  5197 | D:4      | Bought a potion of resistance for 120 gold pieces
  5197 | D:4      | Bought a potion of might for 48 gold pieces
  5197 | D:4      | Bought a potion of might for 48 gold pieces
  5197 | D:4      | Bought a potion of curing for 36 gold pieces
  5197 | D:4      | Bought a potion of might for 48 gold pieces
  5197 | D:4      | Bought a potion of attraction for 36 gold pieces
  5320 | D:4      | Found a sacrificial altar of Ru.
  5393 | D:4      | Found a staircase to the Ecumenical Temple.
  5802 | D:5      | Entered Level 5 of the Dungeon
  5806 | D:5      | Gained mutation: You are covered in thick fur. (AC +2)
                  | [Felid growth]
  5806 | D:5      | Reached XP level 6. HP: 28/28 MP: 7/7
  5828 | D:5      | Found a glowing golden altar of the Shining One.
  5922 | D:5      | Reached skill level 5 in Unarmed Combat
  6072 | D:5      | Noticed a sky beast
  6073 | D:5      | Noticed an ice beast
  6075 | D:5      | Killed a sky beast
  6076 | D:5      | Reached skill level 5 in Stealth
  6088 | D:5      | Killed an ice beast
  6089 | D:5      | Reached XP level 7. HP: 24/33 MP: 8/8
  6585 | D:5      | Reached skill level 5 in Fighting
  7599 | D:5      | Reached XP level 8. HP: 37/37 MP: 9/9
  7664 | D:5      | Found a snail-covered altar of Cheibriados.
  7892 | D:5      | Found a sparkling altar of Nemelex Xobeh.
  7892 | D:5      | Found an opulent altar of Gozag.
  8039 | D:6      | Noticed Blork the orc
  8190 | D:5      | HP: 1/37 [poisoned by a water moccasin]
  9020 | D:6      | Noticed Prince Ribbit
  9099 | D:6      | Killed Prince Ribbit
  9281 | D:6      | Found an ornate altar of the Wu Jian Council.
  9308 | D:6      | Killed Blork the orc
  9450 | D:6      | Noticed Eustachio
  9856 | D:6      | Reached XP level 9. HP: 41/41 MP: 10/10
 10617 | D:7      | Noticed a troll
 10617 | D:7      | Noticed a two-headed ogre
 10701 | D:7      | Identified the ring of Ikhlotwug {rElec rCorr}
 10773 | D:7      | HP: 1/41 [killer bee (8)]
 10781 | D:7      | Slain by a killer bee
 10782 | D:7      | Reached XP level 8. HP: 0/38 MP: 9/9
 10782 | D:7      | Quit the game

Illustrated notes

Levels and vault maps discovered:
D:1:      scummos_arrival_simple_crosswalls, layout_loops_ring,
          ebering_ecumenical_altar_webs
D:2:      layout_basic, serial_shops, shop
D:3:      layout_loops_ring, old_standard_altar, grunt_decor_fettered,
          uniq_robin, uniq_ijyb
D:4:      kennysheep_the_goblin_king, layout_loops_corners,
          nicolae_ru_path_of_blood, zin_academy, temple_doors_e, serial_shops,
          shop, saegor_snake_ambush
D:5:      layout_loops_ring, grunt_temple_overflow_opulence,
          nicolae_tso_besieged_by_evil, slow_altar_2,
          minmay_fractal_squares_gapless_5
D:6:      wander_river, layout_gridville, nicolae_wu_jian_immortal_techniques,
          uniq_prince_ribbit1, uniq_blork_the_orc, uniq_eustachio
D:7:      minmay_the_grid_octo_2x2 [minmay_the_grid_octo_empty,
          minmay_the_grid_octo_77, minmay_the_grid_octo_vomiting_pacman,
          minmay_the_grid_octo_prize_ultimate_mussel_roller], layout_loops_ring,
          gammafunk_temple_overflow_wave, enter_bailey_3, worms_lemuel

Skill      XL: |  1  2  3  4  5  6  7  8  9 |
---------------+----------------------------+-----
Stealth        | 3 4 5 6 8 |  8.4
Unarmed Combat | 4 5 6 8 |  8.5
Dodging        | 5 6 7 8 |  8.3
Fighting       | 4 5 6 |  6.3

Action                   |  1- 3 |  4- 6 |  7- 9 || total
-------------------------+-------+-------+-------++-------
Melee: Unarmed           |   115 |   220 |   210 ||   545
       Bite              |    15 |    17 |    26 ||    58
       Punch             |     6 |     6 |    11 ||    23
Evoke: Wand              |       |     3 |    10 ||    13
  Use: Scroll            |       |     7 |     3 ||    10
       Potion            |       |       |     3 ||     3
 Stab: Sleeping          |     8 |    16 |    15 ||    39
       Distracted        |     1 |       |     1 ||     2
Armor: Skin              |     5 |     6 |    10 ||    21
Dodge: Dodged            |    78 |   150 |   207 ||   435

Table legend: (Time is in decaauts)
 A = Elapsed time spent in this place.
 B = Non-inter-level travel time spent in this place.
 C = Inter-level travel time spent in this place.
 D = Time resting spent in this place.
 E = Time spent auto-exploring this place.
 F = Levels seen in this place.
 G = Mean time per level.
                   A        B        C        D        E       F      G
               +--------+--------+--------+--------+--------+-----+--------+
         Total |   9844 |   9649 |    195 |   3601 |   4422 |   7 | 1406.3 |
       Dungeon |   9844 |   9649 |    195 |   3601 |   4422 |   7 | 1406.3 |
               +--------+--------+--------+--------+--------+-----+--------+

Top non-repeatable levels by time:
     D:5: 2333 daAuts
     D:4: 2128 daAuts
     D:2: 1558 daAuts
     D:6: 1491 daAuts
     D:1: 1168 daAuts
     D:3: 992 daAuts
     D:7: 172 daAuts
